 Dungeon Crawl Stone Soup version 0.29-a0-817-g9904bce7a6 (webtiles) character file.

Game seed: 16853159634996131439

869 gobodom the Insei (level 8, -2/49 HPs)
             Began as an Octopode Transmuter on July 5, 2022.
             Slain by a centaur
             ... wielding a staff of death
              (3 damage)
             ... on level 6 of the Dungeon.
             The game lasted 00:19:13 (6785 turns).

gobodom the Insei (Octopode Transmuter)             Turns: 6785, Time: 00:19:13

Health: -2/49      AC:  1    Str: 11    XL:     8   Next: 3%
Magic:  14/15      EV: 14    Int: 16    God:
Gold:   308        SH:  0    Dex: 12    Spells: 13/17 levels left

rFire   . . .      SeeInvis +     - Unarmed
rCold   . . .      Faith    .   (no shield)
rNeg    . . .      Spirit   .   (helmet currently unavailable)
rPois   +          Reflect  .   x - amulet of Hepliaklqana's Outrage {+Blink rPois Regen+}
rElec   .          Harm     .   F - ring of see invisible
rCorr   .          Rampage  .   (no ring)
Will    .....                   (no ring)
Stlth   +++.......              (no ring)
HPRegen 0.96/turn               (no ring)
MPRegen 0.14/turn               (no ring)
                                (no ring)
                                (no ring)

@: appendages
A: tentacle spike 3, almost no armour, amphibious, 8 rings, camouflage 1,
gelatinous body 1, (nimble swimmer 1), tentacles
a: End Transformation, Evoke Blink


You were on level 6 of the Dungeon.
One of your tentacles had grown a beastly spike.
You visited 2 branches of the dungeon, and saw 7 of its levels.
You also visited: Sewer.

You collected 308 gold pieces.

Inventory:

Hand Weapons
 n - a +1 short sword of distortion
Missiles
 g - 8 poisoned darts
 B - 4 boomerangs
 C - a throwing net
Armour
 s - a +0 buckler
Jewellery
 x - the amulet of Hepliaklqana's Outrage (around mantle) {+Blink rPois Regen+}
   (You found it on level 3 of the Dungeon)

   [amulet of regeneration]

   rPois:     It protects you from poison.
   +Blink:    It lets you blink.
   Regen:     It increases your rate of health regeneration.
 F - a ring of see invisible (left tentacle)
Scrolls
 c - 4 scrolls of amnesia
 d - 4 scrolls of vulnerability
 e - 3 scrolls of noise
 f - 2 scrolls of teleportation {unknown}
 h - a scroll of silence {unknown}
 i - a scroll of blinking {unknown}
 j - a scroll of fear {unknown}
 m - 6 scrolls of fog
 p - 2 scrolls of immolation {unknown}
 r - 2 scrolls of brand weapon {unknown}
 v - a scroll of acquirement {unknown}
 y - 2 scrolls of magic mapping {unknown}
 A - a scroll of poison {unknown}
Potions
 a - 4 potions of lignification
 b - a potion of ambrosia {unknown}
 k - 2 potions of magic {unknown}
 l - 2 potions of attraction
 o - 2 potions of flight {unknown}
 q - a potion of heal wounds
 t - 2 potions of curing {unknown}
 u - a potion of brilliance {unknown}
 w - a potion of mutation {unknown}
 z - a potion of haste
 D - a potion of resistance {unknown}
 E - a potion of cancellation {unknown}


   Skills:
 + Level 1.7 Fighting
 + Level 3.4 Dodging
 + Level 3.4 Stealth
 + Level 5.1 Unarmed Combat
 + Level 5.1 Spellcasting
 + Level 1.5 Conjurations
 + Level 3.7 Transmutations


You had 13 spell levels left.
You knew the following spells:

 Your Spells              Type           Power      Damage    Failure   Level
a - Beastly Appendage     Tmut           30%        N/A       3%          1
b - Wereblood             Tmut           15%        N/A       4%          2
c - Magic Dart            Conj           36%        1d4       8%          1

Your spell library contained the following spells:

 Spells                   Type           Power      Damage    Failure   Level
 Call Imp                 Summ           4%         N/A       22%         2
 Ensorcelled Hibernation  Hex/Ice        8%         N/A       22%         2
 Spider Form              Tmut/Pois      10%        N/A       22%         3
 Mephitic Cloud           Conj/Pois/Air  5%         N/A       36%         3
 Inner Flame              Hex/Fire       4%         N/A       41%         3
 Ice Form                 Ice/Tmut       10%        N/A       56%         4
 Anguish                  Hex/Necr       2%         N/A       83%         4
 Cause Fear               Hex            2%         N/A       83%         4
 Discord                  Hex            2%         N/A       100%        8


Dungeon Overview and Level Annotations

Branches:
Dungeon (6/15)             Temple (1/1) D:4           Sewer (visited)

Altars:
Ashenzari
Cheibriados
Dithmenos
Elyvilon
Fedhas
Kikubaaqudgha
Nemelex Xobeh
Okawaru
Qazlal
Ru
Sif Muna
Trog
Uskayaw
Wu Jian
Xom
Yredelemnul
Zin
The Shining One

Shops:
D:1 ::!   D:4 (


Innate Abilities, Weirdness & Mutations

One of your tentacles has grown a beastly spike.
You cannot wear most types of armour.
You are amphibious.
You can wear up to eight rings at the same time.
Your skin changes colour to match your surroundings (Stealth+).
Your rubbery body absorbs attacks. (AC +1, EV +1)
((You are camouflaged when in or above water. (Stealth+)))
You have tentacles for arms and can constrict up to eight enemies at once.


Message History

Done exploring.
There is a stone staircase leading down here.
You climb downwards.
Found a flail.
Found an escape hatch in the floor.
There is a stone staircase leading up here.
You open the door.
A troll comes into view.
There is an open door here.
You open the door.
There is an open door here.
An ufetubus comes into view.
Memorise Ensorcelled Hibernation, consuming 2 spell levels and leaving 11?
You start memorising the spell.
You continue memorising.
The ufetubus shouts!
The centaur wields a +0 shortbow.
The centaur shoots an arrow.
Your memorisation is interrupted.
The arrow hits you!
Found an escape hatch in the ceiling.
The centaur shoots an arrow.
The arrow closely misses you.
Found a scroll of amnesia.
The centaur unwields a +0 shortbow.
The centaur wields a staff of death.
The centaur hits you with a staff of death.
The centaur kicks you.
The centaur hits you with a staff of death!
The centaur kicks you. The ufetubus barely misses you. The ufetubus hits you.
You barely miss the centaur. You squeeze the centaur.
The centaur is moderately wounded.
The centaur hits you with a staff of death.
The centaur misses you. The ufetubus hits you. The ufetubus misses you.
Casting: Magic Dart (safe; 8% risk of failure)
Confirm with . or Enter, or press ? or * to list all spells.
One of your tentacles grows a vicious spike.
The centaur hits you with a staff of death.
The centaur closely misses you. The ufetubus hits you.
* * * LOW HITPOINT WARNING * * *
The ufetubus hits you.
* * * LOW HITPOINT WARNING * * *
The centaur hits you with a staff of death.
* * * LOW HITPOINT WARNING * * *
You writhe in agony.
You die...

..# .<. #.. ...
#.# .... #..
..... #.#
.....##.###
.......c5.#.#..
.......@.......
.....##.#...?..
...
#.#####....# #
#.....# ...#.
#####.# .....
##'#+#..#####
#........#..
#.........# #
#........)#.#.


You could see a centaur and an ufetubus.

Vanquished Creatures
  Eustachio (D:5)
  Pargi (Sewer)
  2 ogres (D:5)
  A kobold brigand (D:5)
  2 scorpions (D:4)
  An orc priest (D:4)
  An orc wizard (D:4)
  7 gnolls
  10 adders
  2 worms
  2 dart slugs
  2 orcs (D:4)
  3 endoplasms
  4 giant cockroaches
  6 goblins
  6 hobgoblins
  6 jackals (D:2)
  11 ball pythons
  4 bats
  6 frilled lizards
  8 kobolds
  2 rats
88 creatures vanquished.

Notes
Turn   | Place    | Note
-------+----------+-------------------------------------------
     0 | D:1      | gobodom the Octopode Transmuter began the quest for the
                  | Orb.
     0 | D:1      | Reached XP level 1. HP: 13/13 MP: 3/3
   327 | D:1      | Found a faded altar of an unknown god.
   388 | D:1      | Reached XP level 2. HP: 15/18 MP: 3/5
   524 | D:1      | Found Ymmelune's Distillery.
  1064 | D:1      | Found Boropab's Book Shop.
  1133 | D:1      | Found Jyhut's Book Boutique.
  1225 | D:2      | Reached XP level 3. HP: 23/23 MP: 4/6
  2012 | D:2      | Reached skill level 1 in Stealth
  2012 | D:2      | Reached XP level 4. HP: 24/28 MP: 6/8
  2826 | D:3      | Found a glowing drain.
  2837 | Sewer    | Entered a sewer
  2930 | Sewer    | Noticed Pargi
  2947 | Sewer    | Killed Pargi
  2948 | Sewer    | Reached XP level 5. HP: 15/33 MP: 9/9
  3586 | D:3      | Learned a level 2 spell: Wereblood
  3588 | D:3      | Learned a level 1 spell: Magic Dart
  3631 | D:3      | Identified the amulet of Hepliaklqana's Outrage {+Blink
                  | rPois Regen+}
  3705 | D:4      | Reached XP level 6. HP: 13/38 MP: 3/11
  4588 | D:4      | Found a staircase to the Ecumenical Temple.
  4601 | D:4      | Reached XP level 7. HP: 19/43 MP: 7/13
  4841 | Temple   | Entered the Ecumenical Temple
  5149 | D:4      | Found Janyr's Weapon Boutique.
  5216 | D:4      | Identified the +4 ring mail of Noon {+Blink rElec rCorr
                  | Str-5 Int+5}
  5457 | D:5      | Entered Level 5 of the Dungeon
  5691 | D:5      | Noticed Eustachio
  6084 | D:5      | Reached skill level 1 in Conjurations
  6143 | D:5      | Found a white marble altar of Elyvilon.
  6143 | D:5      | Found a glowing silver altar of Zin.
  6146 | D:5      | Found a glowing golden altar of the Shining One.
  6398 | D:5      | Killed Eustachio
  6399 | D:5      | Reached skill level 5 in Unarmed Combat
  6399 | D:5      | Reached skill level 5 in Spellcasting
  6399 | D:5      | Reached XP level 8. HP: 22/49 MP: 9/15
  6763 | D:6      | Noticed a troll
  6785 | D:6      | HP: 1/49 [centaur/staff of death (6)]
  6785 | D:6      | Slain by a centaur

Illustrated notes

Levels and vault maps discovered:
D:1:      dpeg_arrival_fog, layout_rooms, shapermc_ecumenical_altar_venn,
          serial_shops, shop, nicolae_lakefront_shop, nicolae_shop_crystal
D:2:      layout_rooms, kennysheep_generic_room_16
D:3:      layout_rooms, cheibrodos_sewer_entry_sluice
D:4:      layout_cave_pools, minmay_temple_entry_offerings, serial_shops,
          nicolae_shop_bloodbath_and_beyond
D:5:      layout_loops_ring, dreamdust_divine_triumvirate, uniq_eustachio
D:6:      layout_basic, general_overflow_altar, st_stairs_13
Temple:   regret_index_temple_generic_petals

Skill      XL: |  1  2  3  4  5  6  7 |
---------------+----------------------+-----
Stealth        | 1 2 3 |  3.4
Spellcasting   | 3 4 5 |  5.1
Unarmed Combat | 4 5 |  5.1
Transmutations | 3 |  3.7
Dodging        | 3 |  3.4
Conjurations   | 1 |  1.5
Fighting       | |  1.7

Action                   |  1- 3 |  4- 6 |  7- 9 || total
-------------------------+-------+-------+-------++-------
Melee: Unarmed           |    58 |   107 |    47 ||   212
       Kick              |    19 |    31 |    17 ||    67
       Constrict         |    17 |    27 |    11 ||    55
       Tentacles         |     7 |    20 |    12 ||    39
       Punch             |     1 |     7 |     2 ||    10
 Cast: Beastly Appendage |    20 |    27 |     7 ||    54
       Magic Dart        |       |    19 |    32 ||    51
       Wereblood         |       |       |     4 ||     4
  Use: Scroll            |     4 |     1 |     1 ||     6
       Potion            |       |     3 |     1 ||     4
 Stab: Sleeping          |     5 |     7 |     1 ||    13
       Distracted        |       |       |     1 ||     1
Armor: Skin              |     3 |     8 |     1 ||    12
Dodge: Dodged            |    33 |    80 |    36 ||   149

Table legend: (Time is in decaauts)
 A = Elapsed time spent in this place.
 B = Non-inter-level travel time spent in this place.
 C = Inter-level travel time spent in this place.
 D = Time resting spent in this place.
 E = Time spent auto-exploring this place.
 F = Levels seen in this place.
 G = Mean time per level.
                   A        B        C        D        E       F      G
               +--------+--------+--------+--------+--------+-----+--------+
         Total |   6768 |   6569 |    199 |   1420 |   4107 |   8 |  846.0 |
       Dungeon |   6255 |   6083 |    172 |   1264 |   3891 |   6 | 1042.5 |
        Temple |    222 |    195 |     27 |      0 |    190 |   1 |  222.0 |
         Sewer |    289 |    289 |      0 |    156 |     26 |   1 |  289.0 |
               +--------+--------+--------+--------+--------+-----+--------+

Top non-repeatable levels by time:
     D:5: 1291 daAuts
     D:4: 1287 daAuts
     D:2: 1284 daAuts
     D:3: 1185 daAuts
     D:1: 1174 daAuts
   Sewer: 289 daAuts
  Temple: 222 daAuts
     D:6: 31 daAuts
